 Dungeon Crawl Stone Soup version 0.19-a0-1490-g5dd3618 (webtiles) character file.

96027 4thArraOfDagon the Brawler (level 15, -13/199 HPs)
             Began as a Troll Ice Elementalist on Sept 8, 2016.
             Was the Champion of Fedhas.
             Killed from afar by a deep elf knight (22 damage)
             ... with a shard of ice
             ... on level 3 of the Elven Halls.
             The game lasted 01:25:27 (13730 turns).

4thArraOfDagon the Brawler (TrIE)                  Turns: 13730, Time: 01:25:28

Health: -13/199    AC: 27    Str: 25    XL:     15   Next: 68%
Magic:  27/27      EV:  1    Int: 14    God:    Fedhas [******]
Gold:   1626       SH: 11    Dex: 10    Spells: 1 memorised, 29 levels left

rFire  . . .     SeeInvis .       - Unarmed
rCold  . . .     Gourm    +     (armour currently unavailable)
rNeg   + + +     Faith    .     H - +0 shield
rPois  +         Spirit   .     (helmet currently unavailable)
rElec  .         Dismiss  .     (cloak currently unavailable)
rCorr  .         Reflect  .     (gloves unavailable)
MR     +++..     Harm     .     (boots unavailable)
Stlth  ++........ Rnd*Rage +    Y - amulet of rage NoTele +
                                R - ring of poison resistance
                                S - +3 ring of strength

@: exhausted, tree-form, very slightly contaminated
A: unfitting armour, (claws 0), berserk 1, blink, (cold resistance 0), (deformed
body), dopey 1, fast metabolism 3, gourmand, magic resistance 2, mutation
resistance 1, regeneration 1, (shaggy fur 0), strong 1, (tough skin 0), subdued
magic 1
a: Blink, Evolution, Sunlight, Growth, Reproduction, Rain, Renounce Religion,
Evoke Berserk Rage


You were on level 3 of the Elven Halls.
You worshipped Fedhas.
Fedhas was exalted by your worship.
You were very full.
You were a tree.
You visited 5 branches of the dungeon, and saw 27 of its levels.
You also visited: Ossuary and Wizlab.

You collected 2032 gold pieces.
You spent 406 gold pieces at shops.

Inventory:

Hand Weapons
 u - a cursed -1 blowgun
 B - a +0 giant spiked club
Missiles
 f - 4 curare-tipped needles
 q - 12 large rocks (quivered)
Armour
 g - a +0 troll leather armour (melded)
 y - a +0 cloak (melded)
 H - a +0 shield (worn)
 J - the +1 robe of Valiance {rN+}
   (You found it on level 13 of the Dungeon)

   It protects you from negative energy.
 L - a +1 robe of cold resistance
Magical Staves
 F - an uncursed staff of earth
Rods
 I - a +8 iron rod (14/14)
   (You took it off a deep elf elementalist on level 3 of the Elven Halls)
Jewellery
 a - a +3 ring of intelligence
 i - an uncursed ring of wizardry
 t - an uncursed ring of flight
 x - the amulet "Xesicuh" {RegenMP rElec rPois Int+4 Dex+4 Stlth+}
   (You took it off a deep elf elementalist on level 3 of the Elven Halls)

   [amulet of magic regeneration]

   It increases your magic regeneration.
   It affects your intelligence (+4).
   It affects your dexterity (+4).
   It insulates you from electricity.
   It protects you from poison.
   It makes you more stealthy.
 z - an uncursed ring of magical power
 A - an uncursed ring of resist corrosion
 R - a ring of poison resistance (right branch)
 S - a +3 ring of strength (left branch)
 U - an uncursed ring of see invisible
 Y - an amulet of rage (around neck)
Wands
 n - a wand of iceblast (3/15)
 s - a wand of slowing (25/48)
 C - a wand of lightning (8/15)
 N - a wand of flame (28/48)
 Q - a wand of paralysis (11/24)
Scrolls
 e - 7 scrolls of remove curse
 l - 4 scrolls of amnesia
 o - a scroll of summoning
 E - 2 scrolls of recharging
 G - 5 scrolls of identify
 O - a scroll of enchant weapon
 P - 3 scrolls of noise
 Z - a scroll of immolation
Potions
 j - a potion of resistance
 k - a potion of curing
 p - 2 potions of degeneration
 r - 2 potions of ambrosia
 v - 3 potions of brilliance
 w - 2 potions of flight
 D - a potion of agility
 T - a potion of magic
 X - a potion of berserk rage
Books
 b - a book of Frost

   Spells                             Type                      Level
   a - Freeze                         Ice                          1
   b - Throw Frost                    Conjuration/Ice              2
   c - Ozocubu's Armour               Charms/Ice                   3
   d - Throw Icicle                   Conjuration/Ice              4
   e - Summon Ice Beast               Ice/Summoning                4
Miscellaneous
 m - a box of beasts
Comestibles
 c - 13 bread rations
 d - 7 meat rations
 V - a fruit


   Skills:
 - Level 5.0 Fighting
 - Level 5.3 Dodging
 - Level 1.1 Stealth
 - Level 10.0 Shields
 - Level 16.1 Unarmed Combat
 + Level 9.2 Spellcasting
   Level 0.6 Conjurations
 - Level 2.2 Charms
 - Level 2.6 Necromancy
   Level 2.1 Ice Magic
 - Level 8.0 Invocations
 - Level 4.4 Evocations


You had 29 spell levels left.
You knew the following spells:

 Your Spells              Type           Power        Failure   Level  Hunger
a - Regeneration          Chrm/Necr      ##........   12%         3    ##.....


Dungeon Overview and Level Annotations

Branches:
Dungeon (15/15)            Temple (1/1) D:7            Lair (6/6) D:9
 Shoals (0/4) Lair:4        Slime (0/5) Lair:5          Orc (2/2) D:12
    Elf (3/3) Orc:2
  Snake: Lair:2-4    Spider: Lair:2-4    Vaults: D:13-14     Depths: D:15

Altars:
Ashenzari
Dithmenos
Fedhas
Gozag
Hepliaklqana
Kikubaaqudgha
Makhleb
Ru
Trog
Uskayaw
Vehumet
Yredelemnul
Zin
The Shining One
Beogh
Jiyva

Shops:
Orc:2 [(!?

Annotations:
D:4 Dowan, Duvessa
Orc:2 Saint Roka
Elf:3 18 runed doors


Innate Abilities, Weirdness & Mutations

You are too large for most types of armour.
((You have claws for hands.))
Your metabolism is lightning-fast.
You like to eat raw meat.
Your natural rate of healing is unusually fast.
((You are covered in fur. (AC +1)))
((You have very tough skin. (AC +2)))
You tend to lose your temper in combat.
You can translocate small distances at will.
((Your flesh is cold resistant. (rC+)))
((Armour fits poorly on your strangely shaped body.))
You are dopey. (Int -2)
You are highly resistant to hostile enchantments. (MR++)
You are somewhat resistant to further mutation.
Your muscles are strong. (Str +2)
Your spells are a little easier to cast, but a little less powerful.


Message History

Unknown command.
Unknown command.
Something blocks your attack.
GONNNNG!
You hear a shout! x2
Something hits you but does no damage.
Unknown command.
Unknown command.
Unknown command.
Something blocks your attack.
GONNNNG!
You hear a shout!
Something hits you but does no damage.
Unknown command.
Unknown command.
Unknown command.
Something blocks your attack.
BOUMMMMG!
You hear a shout! x2; You hear some strange, mumbled words.
A shard of ice appears from out of thin air!
The shard of ice hits you!
You die...
Fedhas appreciates your contribution to the ecosystem.

#.......###...=.....##
#.#.#.#...'...§(...{e§
#......((##.........##
#.#.#.#ee##........##
#.......P##....e).##
#.#(#.#.#####..e)##
#.......# ##.'.#
##.#)##.# #..######
#...♣{.# ##.###...
###.#### ##.##.### #.#
#...#.# # ### #.#####
# #.......#
#.........#
#.............#
#.............#
...............


There were no monsters in sight!

Vanquished Creatures
  2 acid blobs (Lair:5)
  2 deep elf master archers (Elf:3)
  3 deep elf sorcerers (Elf:3)
  A deep elf elementalist (Elf:3)
  Nessos (Orc:2)
  The ghost of Gruesome the Bludgeoner, a journeyman GrFi of the Shining One (Orc:2)
  A deep elf annihilator (Elf:3)
  2 deep elf death magi (Elf:3)
  3 deep elf high priests (Elf:3)
  Erolcha (D:11)
  A hydra (D:11)
  A death knight (D:10)
  2 centaur warriors (D:14)
  6 dancing weapons
  14 death yaks
  2 tengu warriors (D:15)
  A wandering mushroom (Orc:2)
  5 deep elf knights
  2 unseen horrors
  3 deep elf archers
  A wizard (D:14)
  8 hill giants
  A harpy (D:14)
  2 ugly things (D:12)
  4 orc knights
  2 orc sorcerers (Orc:2)
  3 griffons
  2 cyclopes
  23 deep elf magi
  3 black mambas
  Psyche (D:12)
  19 spiny frogs
  Joseph (D:8)
  A torpor snail (Lair:6)
  2 kobold demonologists (D:14)
  4 komodo dragons
  5 trolls
  A merfolk (D:11)
  5 giant leeches (Lair:6)
  2 two-headed ogres
  15 blink frogs
  A boulder beetle (shapeshifter) (D:14)
  A meliai zombie (D:13)
  A slime creature (Lair:5)
  A wraith (D:13)
  A wyvern (Lair:5)
  A spriggan (D:11)
  2 fire elementals
  A human (D:11)
  A ynoxinul (WizLab)
  12 yaks
  6 hippogriffs
  5 basilisks
  A hungry ghost (D:15)
  Menkaure (D:4)
  9 vampire mosquitoes
  5 wargs
  8 water moccasins
  7 porcupines
  An eye of draining (D:14)
  12 ice beasts
  2 sky beasts
  21 orc warriors
  A black bear (D:6)
  2 phantoms
  9 ogres
  An eye of draining (shapeshifter) (D:14)
  11 wolves
  16 centaurs
  9 crocodiles
  3 big kobolds
  Blork the orc (D:6)
  25 giant frogs
  3 scorpions
  4 wights
  2 killer bees (D:12)
  4 electric eels
  4 howler monkeys
  5 centaur zombies
  6 crimson imps
  A quasit (D:11)
  A giant frog zombie (D:12)
  A jelly (D:7)
  3 centaur skeletons
  2 giant frog skeletons
  22 orc priests
  5 hounds
  4 iguanas
  22 orc wizards
  4 hell rats (Lair:2)
  11 worker ants
  A hound zombie (D:11)
  A hound skeleton (D:9)
  4 gnolls
  3 adders
  8 river rats (Lair:6)
  6 shadow imps
  An ooze (D:3)
  3 adder skeletons
  A worm (D:3)
  A dart slug (D:1)
  4 giant geckos
  72 orcs
  2 giant cockroaches
  6 goblins
  5 jackals
  13 kobolds
  3 quokkas
  A ball python (D:4)
  A bat (D:1)
  A giant newt (D:4)
  2 quokka skeletons
  3 rats
583 creatures vanquished.

Vanquished Creatures (collateral kills)
  An orc high priest (Orc:2)
  A deep elf knight (Elf:3)
  An orc sorcerer (Orc:2)
  3 deep elf magi
  An efreet (D:14)
  A komodo dragon (D:14)
  2 yaks (D:11)
  An orc warrior (Orc:2)
  A centaur (D:12)
  A giant frog zombie (D:12)
  2 orc wizards
  6 orcs
21 creatures vanquished.

Vanquished Creatures (others)
  2 oklob plants (Elf:3)
  7 wandering mushrooms
  A deep elf mage (Elf:3)
  4 fungi (Lair:6)
  43 plants
  454 toadstools
511 creatures vanquished.

Grand Total: 1115 creatures vanquished

Notes
Turn   | Place    | Note
-------+----------+-------------------------------------------
     0 | D:1      | 4thArraOfDagon the Troll Ice Elementalist began the quest for the Orb.
     0 | D:1      | Reached XP level 1. HP: 16/16 MP: 1/1
     0 | D:1      | 4thArraOfDagon: !beam beem
     0 | D:1      | beem: 4thArraOfDagon casts a spell. beem is cast into beam.cc!
     0 | D:1      | jacquesderrida: dagarn
     1 | D:1      | 4thArraOfDagon: haio
    30 | D:1      | jacquesderrida: halo...
    80 | D:1      | 4thArraOfDagon: how are you doing
    80 | D:1      | jacquesderrida: hai
    80 | D:1      | 4thArraOfDagon: mi bed
    90 | D:1      | 4thArraOfDagon: halo
   126 | D:1      | jacquesderrida: Somehow...
   133 | D:1      | Reached skill level 1 in Unarmed Combat
   184 | D:1      | Reached skill level 2 in Unarmed Combat
   184 | D:1      | Reached XP level 2. HP: 24/24 MP: 2/2
   301 | D:3      | Reached XP level 3. HP: 14/31 MP: 3/3
   333 | D:3      | Reached skill level 3 in Unarmed Combat
   369 | D:4      | 4thArraOfDagon: welcome
   369 | D:4      | 4thArraOfDagon: to bubble metropolis!
   389 | D:4      | Noticed a centaur
   403 | D:4      | Killed a centaur
   403 | D:4      | Reached skill level 4 in Unarmed Combat
   403 | D:4      | Reached XP level 4. HP: 6/39 MP: 4/4
   423 | D:4      | timbw: troll
   526 | D:4      | Noticed Duvessa
   526 | D:4      | Noticed Dowan
   705 | D:4      | Reached XP level 5. HP: 41/45 MP: 5/5
   720 | D:4      | Noticed Menkaure
   729 | D:4      | Killed Menkaure
   729 | D:4      | Reached skill level 5 in Unarmed Combat
   731 | D:4      | Found a sand-covered staircase.
   736 | Ossuary  | Entered an ossuary
   782 | Ossuary  | Noticed a wraith
   782 | Ossuary  | Noticed a flying skull
   788 | Ossuary  | Noticed a flying skull
   819 | Ossuary  | Noticed a flying skull
   921 | D:5      | Entered Level 5 of the Dungeon
   923 | D:5      | 4thArraOfDagon: yes but not a greattroll yet!
   969 | D:5      | Noticed a phantom
  1025 | D:5      | Killed a phantom
  1025 | D:5      | Reached skill level 6 in Unarmed Combat
  1025 | D:5      | Reached XP level 6. HP: 15/53 MP: 6/6
  1156 | D:6      | Reached skill level 7 in Unarmed Combat
  1194 | D:6      | Noticed Blork the orc
  1212 | D:6      | Killed Blork the orc
  1212 | D:6      | Reached XP level 7. HP: 48/59 MP: 7/7
  1247 | D:6      | Reached skill level 8 in Unarmed Combat
  1318 | D:6      | Found a glowing golden altar of the Shining One.
  1321 | D:6      | Found a basalt altar of Yredelemnul.
  1373 | D:7      | Found a burning altar of Makhleb.
  1374 | D:7      | Noticed a balrug
  1375 | D:7      | Found a glowing silver altar of Zin.
  1375 | D:7      | Noticed an angel
  1416 | D:7      | kroki: drinking wine to this
  1421 | D:7      | kroki: feels weird
  1421 | D:7      | 4thArraOfDagon: srsly
  1424 | D:7      | timbw: you are not the first
  1424 | D:7      | kroki: cheers
  1424 | D:7      | 4thArraOfDagon: i find whisky to be best!
  1428 | D:7      | Reached skill level 9 in Unarmed Combat
  1429 | D:7      | timbw: im sober until tomorrow though
  1429 | D:7      | 4thArraOfDagon: cheers!
  1485 | D:6      | Found a bloodstained altar of Trog.
  1526 | D:8      | Reached XP level 8. HP: 67/67 MP: 8/8
  1653 | D:7      | Reached skill level 10 in Unarmed Combat
  1808 | D:7      | Reached skill level 11 in Unarmed Combat
  1821 | D:7      | Gained mutation: Your spells are a little easier to cast, but a little less powerful. [mutagenic meat]
  1824 | D:7      | Gained mutation: You are dopey. (Int -2) [mutagenic meat]
  1827 | D:7      | Gained mutation: You are resistant to hostile enchantments. (MR+) [mutagenic meat]
  1830 | D:7      | Found a staircase to the Ecumenical Temple.
  1839 | Temple   | Entered the Ecumenical Temple
  1897 | Temple   | wut
  1910 | Temple   | Became a worshipper of Fedhas Madash
  2120 | D:8      | Reached XP level 9. HP: 46/74 MP: 9/9
  2221 | D:8      | Noticed Joseph
  2226 | D:8      | ok...
  2235 | D:8      | Gained mutation: Your flesh is cold resistant. (rC+) [potion of mutation]
  2235 | D:8      | Gained mutation: You are somewhat resistant to further mutation. [potion of mutation]
  2250 | D:8      | Killed Joseph
  2250 | D:8      | Reached skill level 1 in Fighting
  2250 | D:8      | Reached skill level 1 in Invocations
  2294 | D:8      | Gained mutation: You tend to lose your temper in combat. [potion of mutation]
  2295 | D:8      | Gained mutation: You are highly resistant to hostile enchantments. (MR++) [potion of mutation]
  2389 | D:8      | jacquesderrida: tsk tsk tsk underage drinking...
  2392 | D:9      | jacquesderrida: smh tbf fam
  2400 | D:9      | 4thArraOfDagon: =no,u
  2404 | D:9      | MyOtheHedgeFox: Arra! =)
  2404 | D:9      | MyOtheHedgeFox: Hello! =)
  2410 | D:9      | Reached skill level 12 in Unarmed Combat
  2411 | D:9      | jacquesderrida: dats tru
  2418 | D:9      | jacquesderrida: Gello! ;^)
  2451 | D:9      | jacquesderrida: MichaelJFox
  2537 | D:9      | MyOtheHedgeFox: ...You don't want me to Gegen Alles. I get mad when I Gegen Alles.
  2546 | D:9      | Noticed a troll
  2562 | D:9      | Killed a troll
  2749 | D:9      | jacquesderrida: Gehen ging gehangen!
  2776 | D:9      | jacquesderrida: gegangen*
  2792 | D:9      | jacquesderrida: heh
  2862 | D:10     | Entered Level 10 of the Dungeon
  2865 | D:10     | jacquesderrida: Am I real deutsch yet
  2906 | D:9      | Reached XP level 10. HP: 84/89 MP: 11/11
  2973 | D:10     | Reached * piety under Fedhas
  3011 | D:10     | jacquesderrida: dang, mang, you are become mushroom, destroyer of worlds
  3043 | D:10     | jacquesderrida: Not bad!
  3119 | D:10     | Noticed a seven-headed hydra
  3159 | D:11     | Noticed Erolcha
  3179 | D:11     | Killed Erolcha
  3181 | D:11     | no u
  3233 | D:11     | Killed an unseen horror
  3233 | D:11     | Reached skill level 13 in Unarmed Combat
  3237 | D:11     | nou
  3309 | D:11     | 4thArraOfDagon: mushroom mushroom!
  3321 | D:11     | Noticed a cyclops
  3333 | D:11     | Killed a cyclops
  3501 | D:10     | Noticed a death knight
  3586 | D:11     | Noticed a seven-headed hydra
  3589 | D:11     | Reached ** piety under Fedhas
  3600 | D:11     | Killed a nine-headed hydra
  3600 | D:11     | Reached XP level 11. HP: 101/101 MP: 7/13
  3621 | D:11     | Noticed a deep elf mage
  3644 | D:11     | Killed a deep elf mage
  3644 | D:11     | Reached skill level 5 in Invocations
  3743 | D:11     | Reached skill level 5 in Dodging
  3776 | D:12     | Found a staircase to the Orcish Mines.
  3817 | D:12     | Noticed a green ugly thing
  3828 | D:12     | Killed a green ugly thing
  3846 | D:12     | Gained mutation: Your muscles are strong. (Str +2) [mutagenic meat]
  3986 | D:12     | Learned a level 3 spell: Regeneration
  4067 | D:11     | Noticed a deep elf mage
  4072 | D:11     | Killed a deep elf mage
  4072 | D:11     | Reached skill level 5 in Fighting
  4072 | D:11     | Reached skill level 14 in Unarmed Combat
  4167 | D:12     | Noticed a cyan ugly thing
  4177 | D:12     | Killed a cyan ugly thing
  4305 | D:13     | Noticed a hill giant
  4317 | D:13     | Killed a hill giant
  4469 | D:13     | Noticed a hill giant
  4476 | D:13     | Killed a hill giant
  4476 | D:13     | Reached skill level 1 in Shields
  4487 | D:13     | Got a heavily jewelled robe
  4498 | D:13     | Identified the +1 robe of Valiance {rN+} (You found it on level 13 of the Dungeon)
  4516 | D:13     | Killed an unseen horror
  4587 | D:12     | Noticed a hill giant
  4660 | D:12     | Noticed Psyche
  4683 | D:12     | Killed Psyche
  4720 | D:11     | Noticed a skeletal warrior
  4720 | D:11     | Noticed a skeletal warrior
  4720 | D:11     | Noticed a skeletal warrior
  4720 | D:11     | Noticed a skeletal warrior
  4722 | D:11     | Noticed a skeletal warrior
  4736 | D:11     | rly
  4870 | D:13     | Noticed a hill giant
  4874 | D:13     | Killed a hill giant
  4978 | D:14     | Noticed a hill giant
  4992 | D:14     | Killed a hill giant
  5065 | D:13     | wut
  5107 | D:14     | Noticed a hill giant
  5108 | D:14     | Noticed a griffon
  5123 | D:13     | Killed a griffon
  5165 | D:13     | Killed a hill giant
  5165 | D:13     | Reached XP level 12. HP: 75/111 MP: 10/15
  5190 | D:14     | Noticed a vault guard
  5234 | D:15     | Entered Level 15 of the Dungeon
  5496 | D:14     | Reached skill level 15 in Unarmed Combat
  5527 | D:14     | Reached skill level 5 in Shields
  5675 | D:14     | Noticed a centaur warrior
  5685 | D:14     | Killed a centaur warrior
  5693 | D:14     | Reached *** piety under Fedhas
  5715 | D:14     | Noticed a centaur warrior
  5722 | D:14     | Killed a centaur warrior
  5820 | D:14     | Gained mutation: You can translocate small distances at will. [mutagenic meat]
  5907 | D:14     | HP: 3/111 [efreet/bolt of fire (26)]
  6193 | D:15     | Noticed a tengu warrior
  6222 | D:15     | Killed a tengu warrior
  6427 | D:15     | bed
  6432 | D:15     | Noticed a tengu warrior
  6440 | D:15     | Killed a tengu warrior
  6440 | D:15     | Reached XP level 13. HP: 110/118 MP: 17/17
  6641 | Orc:1    | Entered Level 1 of the Orcish Mines
  6855 | Orc:1    | Reached **** piety under Fedhas
  7114 | Orc:2    | Entered Level 2 of the Orcish Mines
  7191 | Orc:2    | Found a roughly hewn altar of Beogh.
  7192 | Orc:2    | Found Zisioma's Distillery.
  7206 | Orc:2    | Noticed Nessos
  7217 | Orc:2    | Found a staircase to the Elven Halls.
  7234 | Orc:2    | Noticed Gruesome's ghost (journeyman GrFi)
  7264 | Orc:2    | http://crawl.xtahua.com/crawl/morgue/Gruesome/morgue-Gruesome-20160908-182744.txt
  7269 | Orc:2    | rly
  7286 | Orc:2    | Found a roughly hewn altar of Beogh.
  7305 | Orc:2    | Reached skill level 16 in Unarmed Combat
  7388 | Orc:2    | Found a roughly hewn altar of Beogh.
  7446 | Orc:2    | Found a roughly hewn altar of Beogh.
  7473 | Orc:2    | Reached ***** piety under Fedhas
  7474 | Orc:2    | Found Pacokub's Magic Scroll Shoppe.
  7551 | Orc:2    | Killed Nessos
  7680 | Orc:2    | Found a roughly hewn altar of Beogh.
  7760 | Orc:2    | Killed Gruesome's ghost
  7797 | Orc:2    | rip bud
  7976 | Orc:2    | Noticed Saint Roka
  8047 | Orc:2    | uhh
  8140 | Orc:2    | Found Vugaesuq's Antique Armour Shoppe.
  8141 | Orc:2    | Found a roughly hewn altar of Beogh.
  8145 | Orc:2    | Found Zikutit's Antique Weapon Emporium.
  8221 | Orc:2    | Bought a potion of brilliance for 40 gold pieces
  8221 | Orc:2    | Bought 2 potions of lignification for 60 gold pieces
  8221 | Orc:2    | Bought a potion of heal wounds for 50 gold pieces
  8221 | Orc:2    | Bought a potion of curing for 30 gold pieces
  8221 | Orc:2    | Bought a potion of agility for 40 gold pieces
  8268 | Orc:2    | Bought a scroll of identify for 24 gold pieces
  8268 | Orc:2    | Bought a scroll of identify for 24 gold pieces
  8268 | Orc:2    | Bought a scroll of summoning for 114 gold pieces
  8268 | Orc:2    | Bought a scroll of random uselessness for 12 gold pieces
  8268 | Orc:2    | Bought a scroll of noise for 12 gold pieces
  8540 | D:9      | Found a staircase to the Lair.
  8565 | Lair:1   | Entered Level 1 of the Lair of Beasts
  8574 | Lair:1   | Got a transparent dagger
  9088 | Lair:3   | got it
  9088 | Lair:3   | Found a frozen archway.
  9151 | Lair:3   | :)
  9555 | Lair:4   | Found a staircase to the Shoals.
  9731 | Lair:6   | Entered Level 6 of the Lair of Beasts
  9833 | Lair:6   | Reached skill level 10 in Shields
  9838 | Lair:6   | Reached XP level 14. HP: 127/127 MP: 19/19
  9899 | Lair:6   | Reached ****** piety under Fedhas
 10026 | Lair:6   | Reached skill level 1 in Evocations
 10525 | Lair:6   | Reached skill level 5 in Spellcasting
 10783 | Lair:6   | Identified the cursed +0 dagger "Reid" {freeze, rPois rC+} (You found it on level 1 of the Lair of Beasts)
 11222 | Lair:5   | Found a runed door.
 11226 | Lair:5   | Found a viscous altar of Jiyva.
 11226 | Lair:5   | Noticed an acid blob
 11227 | Lair:5   | Found a staircase to the Slime Pits.
 11227 | Lair:5   | Noticed an acid blob
 11260 | Lair:5   | Killed an acid blob
 11269 | Lair:5   | Killed an acid blob
 11365 | Lair:3   | Gained mutation: Armour fits poorly on your strangely shaped body. [potion of mutation]
 11741 | Elf:1    | Entered Level 1 of the Elven Halls
 12070 | Elf:1    | Reached XP level 15. HP: 80/133 MP: 25/25
 12118 | Elf:1    | Found a magical portal.
 12126 | WizLab   | Entered Doroklohe's Tomb
 12472 | Elf:3    | Entered Level 3 of the Elven Halls
 12472 | Elf:3    | Found a huge runed gate.
 12472 | Elf:3    | Found a huge runed gate.
 12577 | Elf:3    | free red drain!
 12660 | Elf:3    | Found a huge runed gate.
 12661 | Elf:3    | Found a huge runed gate.
 12662 | Elf:3    | Found a huge runed gate.
 12662 | Elf:3    | Found a huge runed gate.
 12662 | Elf:3    | Found a huge runed gate.
 12663 | Elf:3    | Found a huge runed gate.
 12667 | Elf:3    | Found a huge runed gate.
 12667 | Elf:3    | Found a huge runed gate.
 12668 | Elf:3    | Found a huge runed gate.
 12671 | Elf:3    | Found a huge runed gate.
 12671 | Elf:3    | Found a huge runed gate.
 12672 | Elf:3    | Found a huge runed gate.
 12673 | Elf:3    | Found a huge runed gate.
 12675 | Elf:3    | Found a huge runed gate.
 12675 | Elf:3    | Found a huge runed gate.
 12675 | Elf:3    | Found a huge runed gate.
 12840 | Elf:3    | Noticed a deep elf sorcerer
 12853 | Elf:3    | Killed a deep elf sorcerer
 13146 | Elf:3    | Reached skill level 1 in Necromancy
 13149 | Elf:3    | Reached skill level 1 in Charms
 13312 | Elf:3    | Noticed a deep elf master archer
 13324 | Elf:3    | Killed a deep elf master archer
 13487 | Elf:3    | Got a clouded platinum amulet
 13490 | Elf:3    | Identified the amulet "Xesicuh" {RegenMP rElec rPois Int+4 Dex+4 Stlth+} (You took it off a deep elf elementalist on level 3 of the Elven Halls)
 13597 | Elf:3    | Noticed a deep elf sorcerer
 13612 | Elf:3    | Killed a deep elf sorcerer
 13654 | Elf:3    | Noticed a deep elf sorcerer
 13668 | Elf:3    | Killed a deep elf sorcerer
 13669 | Elf:3    | Noticed a deep elf master archer
 13675 | Elf:3    | ok lets
 13676 | Elf:3    | rly
 13676 | Elf:3    | hmm
 13701 | Elf:3    | Killed a deep elf master archer
 13718 | Elf:3    | HP: 5/199 [something/shard of ice (49)]
 13726 | Elf:3    | HP: 7/199 [something/shard of ice (14)]
 13730 | Elf:3    | Killed from afar by a deep elf knight

Vault maps used:
D:1:      minmay_arrival_nine_rooms
D:2:      first_bread, uniq_natasha, uniq_iyjb, uniq_jessica
D:4:      lightli_ossuary_entry_decrepit_ruins, minivault_27,
          okawaru_altar_gauntlet_db, uniq_duvessa, uniq_menkaure, uniq_sigmund
D:5:      minitemple, grunt_temple_overflow_open, serial_shops, shop
D:6:      grunt_temple_overflow_holy_war, old_standard_altar, eino_curves_03,
          uniq_blork_the_orc
D:7:      grunt_temple_overflow_order_and_chaos_2
D:8:      uniq_joseph, uniq_erica
D:9:      erik_lair_island
D:11:     hangedman_stone_soup, uniq_erolcha
D:12:     orc_0_dummy, uniq_psyche, uniq_josephine
D:13:     serial_aquarium, aquarium_bridge_square, aquarium_window_1,
          aquarium_window_fake, aquarium_window_2, aquarium_view_2f,
          aquarium_view_2a, aquarium_pool_S
D:14:     minmay_curly_fans, grunt_vaults_entry_fortified, st_stairs_11
D:15:     gammafunk_enter_depths_forms, minmay_misc_feat_alley
Temple:   nicolae_temple_figure_zero
Lair:2:   serial_bayou_shore_a
Lair:3:   portal_ice_cave_entry_ice_beasts, lemuel_fruit_tree, uniq_harold
Lair:4:   minmay_guarded_unrand_snakebite, shoals_dummy_entry,
          minmay_snake_entry_guardpost_small
Lair:5:   slime_altar_2
Lair:6:   minmay_lair_end_frog_pond, minivault_27
Orc:2:    grunt_orc_community_town_hall, grunt_orc_community_big_house_1,
          grunt_orc_community_big_house_1, grunt_orc_community_house_3,
          grunt_orc_community_house_2, grunt_orc_community_house_2,
          grunt_orc_community_house_2, uniq_nessos
Elf:1:    minmay_elf_arrival_circle, infiniplex_enter_wizlab_spiral,
          minmay_elf_demonology
Elf:2:    serial_shops, nicolae_shop_window_shopping
Elf:3:    nooodl_elf_gasket, serial_glass, glass_columns_c, glass_columns_b,
          door_vault
Ossuary:  ossuary_due_cavern
WizLab:   wizlab_doroklohe

Skill      XL: |  1  2  3  4  5  6  7  8  9 10 11 12 13 14 15 |
---------------+----------------------------------------------+-----
Unarmed Combat | 2 4 6 7 9 11 12 13 14 15 16 | 16.1
Fighting       | 2 4 5 |  5.0
Dodging        | 3 4 5 |  5.3
Invocations    | 3 4 6 7 8 |  8.0
Shields        | 3 6 10 | 10.0
Spellcasting   | 3 7 9 |  9.2
Evocations     | 4 |  4.4
Necromancy     | 2 |  2.6
Charms         | 2 |  2.2
Stealth        | |  1.1
Conjurations   | |  0.6
Ice Magic      | |  2.1

Action                   |  1- 3 |  4- 6 |  7- 9 | 10-12 | 13-15 || total
-------------------------+-------+-------+-------+-------+-------++-------
Melee: Unarmed           |    63 |    65 |   241 |   624 |  1361 ||  2354
       Punch             |       |     3 |    13 |    11 |       ||    27
Throw: Large rock        |       |       |       |     2 |       ||     2
 Cast: Regeneration      |       |       |       |       |     2 ||     2
Invok: Evolution         |       |       |       |     5 |     6 ||    11
       Growth            |       |       |       |       |     2 ||     2
 Abil: Evoke Berserk Rag |       |       |       |       |    19 ||    19
Evoke: Wand              |       |       |     2 |     2 |     5 ||     9
  Use: Potion            |     1 |       |     7 |     8 |    16 ||    32
       Scroll            |       |     9 |     5 |     8 |    16 ||    38
 Stab: Sleeping          |       |       |     2 |       |     1 ||     3
       Confused          |       |       |       |     2 |     2 ||     4
       Distracted        |       |       |       |       |     1 ||     1
  Eat: Chunk             |     8 |     4 |    17 |    38 |    90 ||   157
       Royal jelly       |       |     1 |       |     4 |       ||     5
       Beef jerky        |       |       |       |       |     1 ||     1
       Meat ration       |       |       |       |       |     1 ||     1
Armor: Robe              |    16 |    14 |    45 |       |       ||    75
       Troll hide        |       |       |    18 |    66 |       ||    84
       Troll leather arm |       |       |       |    53 |   138 ||   191
       Skin              |       |       |       |     2 |    33 ||    35
Dodge: Dodged            |    39 |    34 |   124 |   188 |   291 ||   676
Block: Shield            |       |       |       |   133 |   457 ||   590
